 Dungeon Crawl Stone Soup version 0.31-a0-150-g89dc3ad700 (webtiles) character file.

Game seed: 5623693465364342945

3172 qw the Skirmisher (level 9, -5/57 HPs)
             Began as a Gargoyle Hunter on June 8, 2023.
             Was a Follower of Okawaru.
             Splashed by a brown ugly thing's acid (9 damage)
             ... on level 7 of the Dungeon.
             The game lasted 00:02:07 (5368 turns).

qw the Skirmisher (Gargoyle Hunter)                 Turns: 5368, Time: 00:02:08

Health: -5/57      AC: 12    Str: 22    XL:     9   Next: 94%
Magic:  11/12      EV: 15    Int:  9    God:    Okawaru [*.....]
Gold:   366        SH:  0    Dex: 17    Spells: 8/8 levels left

rFire   . . .        Y - +1 shortbow (drain)
rCold   . . .        (shield currently unavailable)
rNeg    + . .        l - +0 ring mail
rPois   inf          e - +2 helmet
rElec   +            n - +1 cloak
rCorr   .            b - +0 pair of gloves
SInv    .            (no boots)
Will    .....        f - amulet of regeneration
Stlth   +++          g - +4 ring of slaying {mikee}
HPRegen 1.09/turn    o - +6 ring of strength
MPRegen 0.13/turn

%: no passive effects
@: about to teleport, heroic, corroded
A: sickness immunity, AC +6, negative energy resistance 1, electricity
resistance, torment resistance 1, petrification resistance
a: Renounce Religion, Heroism


You were on level 7 of the Dungeon.
You worshipped Okawaru.
Okawaru was aware of your devotion.
You visited 1 branch of the dungeon, and saw 7 of its levels.

You collected 366 gold pieces.


Innate Abilities, Weirdness & Mutations

You are immune to sickness and miasma.
Your stone body is resilient. (AC +6)
You are immune to poison.
You resist negative energy. (rN+)
You are resistant to electric shocks. (rElec)
You are resistant to unholy torment.
You are immune to petrification.


   Skills:
 + Level 7.0(12.0) Fighting
 - Level 11.0(16.0) Ranged Weapons
 - Level 4.1(9.1) Armour
 - Level 3.1(8.1) Dodging
 - Level 1.1(6.1) Stealth
 - Level 4.2 Invocations


You had 8 spell levels left.
You didn't know any spells.
Your spell library was empty.

Inventory:

Hand Weapons
 Y - a +1 shortbow of draining (weapon)
Armour
 b - a +0 pair of gloves (worn)
 e - a +2 helmet (worn)
 l - a +0 ring mail (worn)
 n - a +1 cloak (worn)
Jewellery
 f - an amulet of regeneration (around neck)
 g - a +4 ring of slaying (left hand) {mikee}
 o - a +6 ring of strength (right hand)
Scrolls
 c - a scroll of teleportation
 k - 2 scrolls of identify
Potions
 a - a potion of haste
 d - a potion of curing {unknown}
 h - a potion of magic {unknown}
 i - a potion of attraction {unknown}
 m - 2 potions of might {unknown}
 p - 2 potions of enlightenment {unknown}
 q - a potion of heal wounds {unknown}

Dungeon Overview and Level Annotations

Branches:
Dungeon (7/15)             Temple (0/1) D:6

Altars:
Elyvilon
Gozag
Hepliaklqana
Okawaru
Qazlal
Ru
Sif Muna
Trog
Vehumet
Wu Jian
Xom
The Shining One


Message History

The brown ugly thing is lightly wounded.
The brown ugly thing tentacle-slaps you!
The acid corrodes you!
You are splashed with acid!
5359 ||| INVOKING Heroism.
You gain the combat prowess of a mighty hero.
The brown ugly thing tentacle-slaps you but does no damage.
You shoot an arrow.
The arrow barely misses the brown ugly thing.
The brown ugly thing completely misses you.
You shoot an arrow. The arrow hits the brown ugly thing!
The brown ugly thing is lightly wounded.
The brown ugly thing barely misses you.
You shoot an arrow. The arrow hits the brown ugly thing!
You drain the brown ugly thing.
The brown ugly thing is moderately wounded.
The brown ugly thing tentacle-slaps you.
You are splashed with acid.
You shoot an arrow. The arrow hits the brown ugly thing!
You drain the brown ugly thing.
The brown ugly thing is heavily wounded.
You shoot an arrow. The arrow hits the brown ugly thing!
The brown ugly thing is severely wounded.
The brown ugly thing barely misses you.
You shoot an arrow.
The arrow hits the brown ugly thing but does no damage.
The brown ugly thing is severely wounded.
The brown ugly thing tentacle-slaps you.
The acid corrodes you!
You are splashed with acid.
You shoot an arrow.
The arrow closely misses the brown ugly thing.
You shoot an arrow. The arrow hits the brown ugly thing.
The brown ugly thing is severely wounded.
The brown ugly thing tentacle-slaps you!
You are splashed with acid!
5368 ||| READING 2 scrolls of teleportation.
As you read the scroll of teleportation, it crumbles to dust.
You feel strangely unstable.
The brown ugly thing tentacle-slaps you.
You are splashed with acid!
You die...

##### ....# ###### #####
....# #....#.....# ....#
#...@u.....# ....####.
#....#.....# <........
+....# ....#
............###..# ....#
.<............#..##....#
..............#........#
..............#........#
..............#..##+###
########......#..#.. .


You could see a brown ugly thing (drained).

Vanquished Creatures
  Prince Ribbit (D:6)
  Sigmund (D:4)
  2 wyverns (D:7)
  A steam dragon (D:6)
  Edmund (D:6)
  Duvessa (D:5)
  A water moccasin (D:4)
  4 ogres
  2 phantoms (D:5)
  A bullfrog (D:6)
  4 scorpions
  A gnoll sergeant (D:7)
  5 wights (D:6)
  Dowan (D:5)
  5 howler monkeys
  A jelly (D:5)
  5 hounds
  2 sleepcaps
  Jessica (D:3)
  2 iguanas
  Ijyb (D:4)
  Natasha (twice) (D:4)
  6 orc wizards
  6 gnolls
  3 adders
  A shadow imp (D:6)
  A white imp (D:6)
  2 worms (D:2)
  2 dart slugs
  10 orcs
  6 ball pythons
  9 bats
  4 endoplasms
  A giant cockroach (D:2)
  5 goblins
  7 hobgoblins
  8 kobolds
  3 quokkas
  3 frilled lizards
  6 rats
128 creatures vanquished.

Notes
Turn   | Place    | Note
-------+----------+-------------------------------------------
     0 | D:1      | qw the Gargoyle Hunter began the quest for the Orb.
     0 | D:1      | Reached XP level 1. HP: 12/12 MP: 1/1
     0 | D:1      | 0 ||| qw: Version: 0.2-a-120-gdf1a93b
     0 | D:1      | 0 ||| qw: Game counter: 3004
     0 | D:1      | 0 ||| qw: Always use a shield: true
     0 | D:1      | 0 ||| qw: God list: Okawaru
     0 | D:1      | 0 ||| qw: Allow faded altars: false
     0 | D:1      | 0 ||| qw: Do Orc after D:15 true
     0 | D:1      | 0 ||| qw: Do second Lair branch before Depths: true
     0 | D:1      | 0 ||| qw: Lair rune preference: random
     0 | D:1      | 0 ||| qw: Plans: Normal
     0 | D:1      | 0 ||| PLANNING D:1-11
   132 | D:1      | Reached XP level 2. HP: 17/17 MP: 2/2
   215 | D:1      | 215 ||| FLEEEEING.
   381 | D:1      | 381 ||| FLEEEEING.
   382 | D:1      | 382 ||| FLEEEEING.
   538 | D:1      | Reached XP level 3. HP: 21/21 MP: 3/3
   682 | D:1      | 682 ||| READING scroll labelled LECAQUCWAH.
   683 | D:1      | 683 ||| READING scroll labelled FEHIOL VEUBLI.
   784 | D:1      | 784 ||| READING scroll labelled TOILLUJ GEAPP.
   785 | D:1      | 785 ||| READING scroll labelled NYCUWU DYPTUO.
   786 | D:1      | 786 ||| READING scroll labelled VECEFI KEHE.
   787 | D:1      | 787 ||| DROPPING scroll of butterflies.
   853 | D:2      | Reached skill level 5 in Ranged Weapons
  1531 | D:2      | 1531 ||| UPGRADING to +0 pair of gloves.
  1536 | D:2      | 1536 ||| UPGRADING to amulet of regeneration.
  1541 | D:2      | 1541 ||| UPGRADING to +4 ring of slaying {mikee}.
  1542 | D:2      | 1542 ||| READING scroll labelled WIRYD SEIMM.
  1608 | D:3      | Reached skill level 3 in Fighting
  1630 | D:3      | Noticed Jessica
  1632 | D:3      | Killed Jessica
  1633 | D:3      | Reached XP level 4. HP: 28/28 MP: 4/4
  1655 | D:3      | Found an ornate altar of the Wu Jian Council.
  1655 | D:3      | Found an opulent altar of Gozag.
  1689 | D:3      | Found a white marble altar of Elyvilon.
  1882 | D:3      | Found a shimmering blue altar of Sif Muna.
  2000 | D:3      | Found an iron altar of Okawaru.
  2001 | D:3      | 2001 ||| PLANNING OKAWARU WORSHIP
  2002 | D:3      | 2002 ||| READING scroll labelled ERIAHE WAWK.
  2003 | D:3      | 2003 ||| READING scroll labelled VUUBRO HUUTON.
  2010 | D:3      | Became a worshipper of Warmaster Okawaru
  2010 | D:3      | 2010 ||| PLANNING D:1-11
  2151 | D:3      | Found a radiant altar of Vehumet.
  2232 | D:4      | Noticed a scorpion
  2239 | D:4      | Killed a scorpion
  2240 | D:4      | Reached skill level 6 in Ranged Weapons
  2240 | D:4      | Reached XP level 5. HP: 32/32 MP: 5/5
  2304 | D:4      | Noticed Sigmund
  2305 | D:4      | Noticed a water moccasin
  2312 | D:4      | Killed a water moccasin
  2313 | D:4      | Reached skill level 3 in Armour
  2313 | D:4      | Reached XP level 6. HP: 19/37 MP: 6/6
  2320 | D:4      | Killed Sigmund
  2320 | D:4      | Reached * piety under Okawaru
  2345 | D:4      | Reached XP level 7. HP: 44/44 MP: 7/7
  2389 | D:4      | Noticed Ijyb
  2389 | D:4      | 2389 ||| INVOKING Heroism.
  2396 | D:4      | Killed Ijyb
  2397 | D:4      | Reached skill level 1 in Invocations
  2444 | D:4      | Found a sacrificial altar of Ru.
  2572 | D:4      | Noticed Natasha
  2573 | D:4      | 2573 ||| INVOKING Heroism.
  2578 | D:4      | Killed Natasha
  2634 | D:4      | Found a glowing golden altar of the Shining One.
  2862 | D:4      | Noticed Natasha
  2863 | D:4      | 2863 ||| INVOKING Heroism.
  2866 | D:4      | Killed Natasha
  3009 | D:4      | 3009 ||| UPGRADING to +0 ring mail.
  3019 | D:4      | 3019 ||| DROPPING +0 leather armour.
  3020 | D:4      | 3020 ||| UPGRADING to +1 cloak.
  3025 | D:4      | 3025 ||| UPGRADING to +6 ring of strength.
  3026 | D:4      | 3026 ||| READING scroll labelled BIGAOPIUNT.
  3027 | D:4      | 3027 ||| READING scroll labelled KIMPAICWIE.
  3028 | D:4      | 3028 ||| DRINKING 2 brown potions.
  3058 | D:4      | 3058 ||| DROPPING potion of lignification.
  3078 | D:5      | Entered Level 5 of the Dungeon
  3079 | D:5      | 3079 ||| INVOKING Heroism.
  3102 | D:5      | Reached skill level 7 in Ranged Weapons
  3102 | D:5      | 3102 ||| INVOKING Heroism.
  3121 | D:5      | 3121 ||| INVOKING Heroism.
  3177 | D:5      | Identified the +2 long sword "Xiustry" {flame, rPois Str+7
                  | Int-5 Stlth+}
  3187 | D:5      | Reached XP level 8. HP: 48/48 MP: 10/10
  3209 | D:5      | 3209 ||| INVOKING Heroism.
  3215 | D:5      | Reached skill level 8 in Ranged Weapons
  3273 | D:5      | Reached skill level 3 in Invocations
  3346 | D:5      | Noticed Dowan
  3347 | D:5      | 3347 ||| INVOKING Heroism.
  3353 | D:5      | Killed Dowan
  3357 | D:5      | Noticed Duvessa
  3364 | D:5      | Killed Duvessa
  3403 | D:5      | Found a hazy altar of Hepliaklqana.
  3404 | D:5      | Found a shimmering altar of Xom.
  3405 | D:5      | Noticed a spectral ugly thing
  3412 | D:5      | 3412 ||| INVOKING Heroism.
  3530 | D:5      | 3530 ||| INVOKING Heroism.
  3537 | D:5      | Reached skill level 9 in Ranged Weapons
  3591 | D:5      | Found a bloodstained altar of Trog.
  3700 | D:5      | 3700 ||| DROPPING ring of flight.
  3701 | D:5      | 3701 ||| READING scroll labelled CIZAB GIDYT.
  3702 | D:5      | 3702 ||| READING 2 scrolls labelled INEZXAYCKEM.
  3703 | D:5      | 3703 ||| READING 3 scrolls of identify.
  3703 | D:5      | 3703 ||| IDENTIFYING sapphire potion
  3704 | D:5      | 3704 ||| READING 2 scrolls of identify.
  3704 | D:5      | 3704 ||| IDENTIFYING ruby potion
  3705 | D:5      | 3705 ||| DROPPING potion of brilliance.
  3706 | D:5      | 3706 ||| DROPPING scroll of blinking.
  3773 | D:6      | 3773 ||| INVOKING Heroism.
  3783 | D:6      | Reached skill level 6 in Fighting
  3783 | D:6      | Reached XP level 9. HP: 17/55 MP: 9/12
  3937 | D:6      | Found a staircase to the Ecumenical Temple.
  3958 | D:6      | Noticed Prince Ribbit
  3959 | D:6      | 3959 ||| INVOKING Heroism.
  3968 | D:6      | Killed Prince Ribbit
  3972 | D:6      | Reached skill level 10 in Ranged Weapons
  4003 | D:6      | 4003 ||| INVOKING Heroism.
  4033 | D:6      | Reached skill level 3 in Dodging
  4117 | D:6      | Noticed Edmund
  4118 | D:6      | 4118 ||| INVOKING Heroism.
  4126 | D:6      | Killed Edmund
  4695 | D:6      | 4695 ||| UPGRADING to +2 helmet.
  4700 | D:6      | 4700 ||| READING scroll labelled APHUTT NUARCH.
  4701 | D:6      | 4701 ||| READING scroll labelled DEFAUSI DECLAI.
  4856 | D:7      | 4856 ||| READING 3 scrolls of brand weapon.
  4856 | D:7      | 4856 ||| BRANDING +1 shortbow of flaming.
  4857 | D:7      | 4857 ||| READING 2 scrolls of brand weapon.
  4857 | D:7      | 4857 ||| BRANDING +1 shortbow of draining.
  4858 | D:7      | 4858 ||| READING scroll of brand weapon.
  4858 | D:7      | 4858 ||| BRANDING +1 heavy shortbow.
  5041 | D:7      | 5041 ||| Stepping ~*~*~tactically~*~*~ (outnumbered).
  5084 | D:7      | Reached skill level 11 in Ranged Weapons
  5147 | D:7      | Found a stormy altar of Qazlal.
  5153 | D:7      | 5153 ||| INVOKING Heroism.
  5352 | D:7      | Noticed a brown ugly thing
  5359 | D:7      | 5359 ||| INVOKING Heroism.
  5367 | D:7      | HP: 14/57 [brown ugly thing (7)]
  5367 | D:7      | HP: 5/57 [acid (9)]
  5368 | D:7      | 5368 ||| READING 2 scrolls of teleportation.
  5368 | D:7      | Splashed by a brown ugly thing's acid

Levels and vault maps discovered:
D:1:      onia_arrival_pyramid, layout_basic, minmay_pentomino_r2
D:2:      layout_basic
D:3:      layout_basic, mainiacjoe_overflow_alcove_4, lemuel_tele_altar,
          mainiacjoe_overflow_surrounded_room,
          chequers_temple_overflow_statue_of_worship,
          mainiacjoe_overflow_six_doors_small, kennysheep_generic_room_15,
          uniq_jessica
D:4:      layout_loops_ring, lemuel_crystal_altar,
          nicolae_tso_swordbearing_angel, uniq_ijyb, uniq_sigmund, uniq_natasha
D:5:      layout_cave_pools, regret_index_temple_of_mockery, trog_book,
          minivault_25, kennysheep_generic_room_4, uniq_duvessa
D:6:      layout_basic, minmay_temple_entry_from_below_a, nicolae_sextant,
          uniq_prince_ribbit1, uniq_edmund
D:7:      layout_gridville, mainiacjoe_overflow_brackets

Skill      XL: |  1  2  3  4  5  6  7  8  9 |
---------------+----------------------------+-----
Ranged Weapons | 5 6 7 9 11 | 11.0
Fighting       | 3 4 6 7 |  7.0
Armour         | 3 4 |  4.1
Invocations    | 2 4 |  4.2
Dodging        | 2 3 |  3.1
Stealth        | |  1.1

Action                     |  1- 3 |  4- 6 |  7- 9 || total
---------------------------+-------+-------+-------++-------
   Fire: Shortbow          |   130 |    50 |   259 ||   439
 Invoke: Heroism           |       |       |    16 ||    16
    Use: Scroll            |     6 |     2 |    12 ||    20
         Potion            |       |       |     1 ||     1
 Armour: Leather armour    |    33 |     6 |     2 ||    41
         Ring mail         |       |       |    92 ||    92
  Dodge: Dodged            |    42 |     7 |    85 ||   134

Table legend:
 A = Non-vault XP
 B = Vault XP
 C = Vault XP percentage of total XP
 D = Non-vault monster count
 E = Vault monster count
 F = Vault count percentage of total count
                 A         B        C        D         E       F
            +---------+---------+-------+---------+---------+-------
      Total |    3523 |    1009 |  22.3 |     116 |      12 |   9.4
            +---------+---------+-------+---------+---------+-------
        D:1 |      32 |       2 |   5.9 |      18 |       1 |   5.3
        D:2 |      34 |       0 |   0.0 |      16 |       0 |   0.0
        D:3 |      33 |      40 |  54.8 |      13 |       3 |  18.8
        D:4 |     404 |     317 |  44.0 |      12 |       3 |  20.0
        D:5 |    1072 |     225 |  17.3 |      26 |       3 |  10.3
        D:6 |     897 |     425 |  32.1 |      16 |       2 |  11.1
        D:7 |    1051 |       0 |   0.0 |      15 |       0 |   0.0
            +---------+---------+-------+---------+---------+-------
